 Dungeon Crawl Stone Soup version 0.30.0-5-g1a98f26d00 (webtiles) character file.

Game seed: 13443030645180903283

651 Persephone the Chopper (level 7, -1/41 HPs)
             Began as a Gargoyle Fighter on May 9, 2023.
             Was a Follower of Elyvilon.
             Killed from afar by Blork the orc (8 damage)
             ... with a puff of flame
             ... on level 4 of the Dungeon.
             The game lasted 00:06:04 (2324 turns).

Persephone the Chopper (Gargoyle Fighter)           Turns: 2324, Time: 00:06:05

Health: -1/41      AC: 12    Str: 21    XL:     7   Next: 53%
Magic:  7/7        EV: 14    Int:  9    God:    Elyvilon [*.....]
Gold:   109        SH:  4    Dex:  9    Spells: 6/6 levels left

rFire   . . .        a - +0 war axe
rCold   . . .        c - +0 buckler
rNeg    + . .        b - +0 scale mail
rPois   ∞            (no helmet)
rElec   +            n - +0 cloak
rCorr   .            (no gloves)
SInv    .            (no boots)
Will    .....        (no amulet) Stlth
                     m - +5 ring of evasion
HPRegen 0.26/turn    (no ring)
MPRegen 0.10/turn

%: no passive effects
@: mighty
A: sickness immunity, AC +4, negative energy resistance 1, electricity
resistance, torment resistance 1, petrification resistance
a: Renounce Religion, Purification


You were on level 4 of the Dungeon.
You worshipped Elyvilon.
Elyvilon was aware of your devotion.
You visited 1 branch of the dungeon, and saw 4 of its levels.

You collected 109 gold pieces.

Inventory:

Hand Weapons
 a - a +0 war axe (weapon)
Armour
 b - a +0 scale mail (worn)
 c - a +0 buckler (worn)
 n - a +0 cloak (worn)
Jewellery
 i - a ring of ice
 k - a ring of ice
 m - a +5 ring of evasion (left hand)
Wands
 r - a wand of roots (5)
 s - a wand of polymorph (3)
 v - a wand of charming (13)
Scrolls
 f - a scroll of identify
 o - a scroll of fear {unknown}
 p - a scroll of blinking {unknown}
 q - a scroll of silence {unknown}
 u - a scroll of acquirement {unknown}
Potions
 d - 2 potions of might
 e - 2 potions of cancellation
 g - a potion of attraction {unknown}
 h - a potion of magic {unknown}
 j - a potion of flight {unknown}
 l - 3 potions of invisibility {unknown}
 t - 2 potions of curing {unknown}


   Skills:
 - Level 3.2 Fighting
 + Level 7.5 Axes
 - Level 3.2 Armour
 - Level 3.2 Shields


You had 6 spell levels left.
You didn't know any spells.
Your spell library contained the following spells:

 Spells                   Type           Power      Damage    Failure   Level
 Foxfire                  Conj/Fire      0%         2x1d4     80%         1
 Magic Dart               Conj           0%         1d3       80%         1
 Searing Ray              Conj           0%         2d4       90%         2
 Flame Wave               Conj/Fire      0%         2d4       100%        4
 Fulminant Prism          Conj/Hex       0%         3d5       100%        4
 Monstrous Menagerie      Summ           0%         N/A       100%        7
 Summon Horrible Things   Summ           0%         N/A       100%        8


Dungeon Overview and Level Annotations

Branches:
Dungeon (4/15)
 Temple: D:4-7

Altars:
Dithmenos
Elyvilon
Fedhas
Kikubaaqudgha
Makhleb
Okawaru

Annotations:
D:4 Blork the orc


Innate Abilities, Weirdness & Mutations

You are immune to sickness and miasma.
Your stone body is resilient. (AC +4)
You are immune to poison.
You resist negative energy. (rN+)
You are resistant to electric shocks. (rElec)
You are resistant to unholy torment.
You are immune to petrification.


Message History

Blork the orc closely misses you. Blork the orc casts a spell at you.
The magic dart hits you!
You hit Blork the orc.
Blork the orc is lightly wounded.
Blork the orc hits you with a +0 hand axe.
You slash Blork the orc!
Blork the orc is heavily wounded.
Blork the orc barely misses you.
Blork the orc hits you with a +0 hand axe.
You completely miss Blork the orc.
Blork the orc is heavily wounded.
Blork the orc misses you.
Blork the orc hits you with a +0 hand axe.
* * * LOW HITPOINT WARNING * * *
You barely miss Blork the orc.
Blork the orc is heavily wounded.
Blork the orc hits you but does no damage.
You hit Blork the orc but do no damage.
Blork the orc is heavily wounded.
Blork the orc hits you but does no damage.
Blork the orc barely misses you.
You slash Blork the orc!
Blork the orc is severely wounded.
Blork the orc hits you with a +0 hand axe.
* * * LOW HITPOINT WARNING * * *
Blork the orc hits you with a +0 hand axe.
* * * LOW HITPOINT WARNING * * *
You feel very mighty all of a sudden.
You are no longer corroded.
Blork the orc hits you but does no damage.
You closely miss Blork the orc.
Blork the orc is severely wounded.
Blork the orc casts a spell at you. You block the puff of frost.
Blork the orc misses you.
You barely miss Blork the orc.
Blork the orc is severely wounded.
Blork the orc barely misses you. Blork the orc casts a spell at you.
The puff of flame hits you!
You die...

##.#.##.#####.#
#.##.#.......##.#
#.##.#.##.##.##.##
#.##.#.##......... #
#.##.#.##..#)##.##
#.#.#...............
.####.#.##.#.....####.#.
.......o##.#...... #.#.
#@##........ ..#.
#.##........ .....
#.##..............
#...........#.#.#.
#.....#.....#.#.#.
............... #.#.
#.#.##..#.#..... # ..
.........#.....
#.#.#..#..#.#...


You could see Blork the orc (fast).

Vanquished Creatures
  Grinder (D:3)
  Eustachio (D:4)
  An ogre (D:4)
  A jelly (D:4)
  A hound (D:4)
  A sleepcap (D:4)
  A scorpion zombie (D:2)
  4 adders
  A white imp (D:4)
  A worm (D:2)
  A dart slug (D:1)
  4 orcs (D:4)
  7 ball pythons
  7 bats
  5 endoplasms
  4 giant cockroaches
  4 goblins
  12 hobgoblins
  4 jackals (D:4)
  3 ball python skeletons (D:2)
  A ball python zombie (D:2)
  2 frilled lizards
  9 kobolds
  A quokka zombie (D:2)
  8 rats
85 creatures vanquished.

Notes
Turn   | Place    | Note
-------+----------+-------------------------------------------
     0 | D:1      | Persephone the Gargoyle Fighter began the quest for the
                  | Orb.
     0 | D:1      | Reached XP level 1. HP: 14/14 MP: 1/1
    21 | D:1      | Reached skill level 2 in Axes
   166 | D:1      | Reached XP level 2. HP: 19/19 MP: 2/2
   176 | D:1      | Found a faded altar of an unknown god.
   547 | D:1      | Reached skill level 3 in Axes
   605 | D:2      | Reached XP level 3. HP: 20/23 MP: 3/3
   883 | D:2      | Reached skill level 4 in Axes
   883 | D:2      | Reached XP level 4. HP: 28/28 MP: 4/4
  1098 | D:3      | Noticed Grinder
  1104 | D:3      | Paralysed by Grinder for 3 turns
  1108 | D:3      | Paralysed by Grinder for 3 turns
  1122 | D:3      | Killed Grinder
  1123 | D:3      | Reached skill level 5 in Axes
  1123 | D:3      | Reached XP level 5. HP: 16/32 MP: 5/5
  1123 | D:3      | Reached XP level 6. HP: 18/37 MP: 6/6
  1212 | D:3      | Found a shadowy altar of Dithmenos.
  1385 | D:3      | Found a white marble altar of Elyvilon.
  1435 | D:3      | Became a worshipper of Elyvilon the Healer
  1476 | D:3      | Got the Writings on Forceful Command
  1490 | D:3      | Reached skill level 6 in Axes
  1822 | D:4      | Noticed Eustachio
  1928 | D:4      | Killed Eustachio
  1929 | D:4      | Reached XP level 7. HP: 32/41 MP: 7/7
  2055 | D:4      | Reached * piety under Elyvilon
  2059 | D:4      | Found a burning altar of Makhleb.
  2071 | D:4      | Reached skill level 7 in Axes
  2071 | D:4      | Found an ancient bone altar of Kikubaaqudgha.
  2146 | D:4      | Found a blossoming altar of Fedhas.
  2146 | D:4      | Found an iron altar of Okawaru.
  2310 | D:4      | Noticed Blork the orc
  2324 | D:4      | Killed from afar by Blork the orc

Illustrated notes

Levels and vault maps discovered:
D:1:      zelgadis_glass_arrival_small, layout_loops_ring,
          hellmonk_ecumenical_altar_heavens_door
D:2:      layout_rooms, serial_undead, serial_undead_e, serial_undead_a,
          serial_undead_c, serial_undead_d, minmay_misc_feat_chi,
          eino_tiny_chamber, minmay_misc_feat_tower
D:3:      layout_rooms, elyvilon_altar_3, grunt_dithmenos_smoke_and_mirrors,
          nrook_uturn, corexii_item_surrounded_by_moat,
          chequers_serial_rivers_marsh, uniq_grinder
D:4:      layout_basic, grunt_temple_overflow_holy_war,
          grunt_temple_overflow_open, uniq_eustachio, uniq_blork_the_orc

Skill      XL: |  1  2  3  4  5  6  7 |
---------------+----------------------+-----
Axes           | 2 3 4 5 6 7 |  7.5
Fighting       | |  3.2
Armour         | |  3.2
Shields        | |  3.2

Action                     |  1- 3 |  4- 6 |  7- 9 || total
---------------------------+-------+-------+-------++-------
  Melee: War axe           |   122 |   167 |    47 ||   336
         Unarmed           |       |     5 |     2 ||     7
    Use: Scroll            |       |     2 |       ||     2
         Potion            |       |       |     1 ||     1
 Armour: Scale mail        |    78 |    90 |    13 ||   181
         Skin              |       |    22 |       ||    22
  Dodge: Dodged            |    72 |   139 |    28 ||   239
  Block: Buckler           |    31 |    26 |     7 ||    64
